AoeStats
← Terra.

Arena

510544638Analyzed
4v4 RM · 14h ago on Oct 1, 2026· 71m 46s· 8 players
Game mode
Random Map
Map size
Large (8 player)
Population
200
Speed
Normal
Resources
Standard
Victory
Conquest
Starting age
Dark Age
Ending age
Imperial Age
RankedLock teamsTeams togetherTeam positionsShared explorationLock speedFull tech treeHidden civsTurbo modeCheats
Victory
Defeat
🇩🇪 Saxons · Germany
1262
+13
🇩🇪 Varangians · Germany
1251
+13
🇿🇦 Danes · South Africa
1202
+15
🇨🇴 Goths · Colombia
1167
+16
🇨🇳 Gurjaras · China
1226
-16
🇨🇱 Malians · Chile
1195
-15
🇨🇳 Bohemians · China
1158
-13
🇨🇳 Britons · China
1155
-13
Terra.
10:09 Feudal Age
11:37 Loom
14:09 Castle Age
16:14 Town Watch
16:19 Double-Bit Axe
16:59 Horse Collar
17:47 Man-at-Arms
21:02 Bow Saw
21:49 Heavy Plow
23:01 Wheelbarrow
23:03 Gold Mining
24:42 Pikeman
26:13 Squires
27:58 Hand Cart
27:49 Town Patrol
29:46 Scale Mail Armor
33:46 Imperial Age
32:36 Masonry
33:37 Guard Tower
34:08 Ballistics
33:44 Guard Tower
34:45 Onager
35:32 Siege Engineers
36:28 Chemistry
36:09 Halberdier
38:20 Keep
37:30 Arrowslits
39:50 Siege Onager
44:15 Chain Mail Armor
44:11 Forging
45:26 Capped Ram
47:11 Murder Holes
49:16 Siege Ram
50:54 Iron Casting
50:49 Plate Mail Armor
52:26 Conscription
51:36 Hamask
53:59 Caravan
55:23 Blast Furnace
55:02 Elite Varangian Guard
56:32 Elite Varangian Guard
56:58 Arson
56:59 Gambesons
59:08 Fletching
66:21 Conscription
BOXOLETO
10:23 Feudal Age
10:46 Man-at-Arms
12:27 Wheelbarrow
13:05 Forging
13:21 Loom
13:30 Double-Bit Axe
14:06 Scale Mail Armor
20:01 Wheelbarrow
23:06 Castle Age
21:00 Horse Collar
21:11 Gold Mining
22:03 Stone Mining
26:15 Squires
27:08 Town Watch
JoBieter
10:45 Feudal Age
10:29 Loom
12:12 Wheelbarrow
12:10 Double-Bit Axe
14:38 Castle Age
13:11 Horse Collar
13:43 Gold Mining
14:27 Loom
15:52 Bow Saw
18:01 Heavy Plow
22:09 Gold Shaft Mining
28:58 Imperial Age
28:02 Hand Cart
28:12 Scale Mail Armor
28:22 Forging
28:38 Ballistics
28:09 Fletching
28:34 Squires
28:19 Arson
28:36 Murder Holes
28:52 Fortified Wall
29:20 Chain Mail Armor
29:23 Stone Mining
30:01 Conscription
29:03 Elite Hearth Troop
30:34 Iron Casting
29:49 Shield Wall
31:07 Hoardings
31:41 Town Watch
33:53 Plate Mail Armor
33:19 Bodkin Arrow
32:49 Pikeman
34:55 Halberdier
34:57 Elite Varangian Guard
36:52 Bracer
36:52 Padded Archer Armor
40:51 Town Patrol
41:38 Siege Engineers
42:34 Chemistry
41:45 Masonry
41:16 Treadmill Crane
45:33 Two-Man Saw
45:13 Crop Rotation
51:02 Leather Archer Armor
50:52 Scale Barding Armor
54:10 Capped Ram
56:32 Siege Ram
66:34 Architecture
ARo
8:19 Loom
10:29 Feudal Age
12:10 Wheelbarrow
14:48 Castle Age
13:14 Double-Bit Axe
13:45 Horse Collar
15:51 Bow Saw
17:43 Gold Mining
25:24 Imperial Age
23:26 Heavy Plow
23:30 Fletching
24:54 Bodkin Arrow
25:40 Scale Barding Armor
26:26 Forging
28:34 Iron Casting
30:03 Chain Barding Armor
31:07 Bloodlines
33:19 Husbandry
38:17 Stone Mining
39:06 Hand Cart
38:37 Town Watch
39:11 Capped Ram
40:54 Bracer
40:54 Padded Archer Armor
40:39 Siege Ram
41:31 Siege Engineers
41:38 Fortified Wall
41:39 Masonry
40:59 Crossbowman
41:01 Elite Skirmisher
43:09 Two-Man Saw
42:42 Crop Rotation
42:50 Leather Archer Armor
43:06 Treadmill Crane
45:16 Stone Shaft Mining
45:42 Conscription
44:48 Elite Jarl
46:01 Ring Archer Armor
47:57 Chemistry
47:18 Ballistics
48:36 Architecture
48:46 Plate Barding Armor
49:11 Blast Furnace
55:07 Town Patrol
55:27 Squires
55:14 Gambesons
55:15 Arson
55:34 Scale Mail Armor
58:20 Fervor
58:59 Elite Varangian Guard
59:02 Gothikon
61:44 Chain Mail Armor
70:15 Pikeman
转世
10:56 Feudal Age
15:10 Castle Age
13:19 Double-Bit Axe
14:15 Horse Collar
24:54 Fervor
29:21 Imperial Age
27:29 Bow Saw
27:23 Heavy Plow
29:06 Chemistry
28:26 Ballistics
28:18 Scale Mail Armor
29:02 Coinage
29:01 Forging
28:40 Pikeman
29:20 Squires
29:17 Loom
30:11 Wheelbarrow
30:30 Houfnice
32:37 Conscription
36:15 Banking
35:45 Caravan
36:39 Conscription
36:25 Wagenburg Tactics
36:37 Hand Cart
36:33 Siege Engineers
37:06 Iron Casting
36:47 Chain Mail Armor
38:17 Halberdier
38:42 Arson
42:49 Padded Archer Armor
42:40 Fletching
42:46 Elite Skirmisher
43:17 Man-at-Arms
45:57 Long Swordsman
46:37 Crossbowman
49:05 Two-Man Saw
52:13 Bodkin Arrow
52:33 Leather Archer Armor
52:49 Plate Mail Armor
53:19 Blast Furnace
52:52 Bombard Tower
53:58 Fortified Wall
55:09 Ring Archer Armor
57:12 Two-Handed Swordsman
58:05 Two-Handed Swordsman
60:08 Bracer
Arkh
9:18 Feudal Age
10:28 Loom
10:05 Man-at-Arms
10:59 Double-Bit Axe
20:03 Castle Age
18:19 Horse Collar
19:20 Gold Mining
19:50 Stone Mining
21:13 Bow Saw
21:13 Heavy Plow
22:54 Wheelbarrow
22:39 Gold Mining
26:04 Scale Mail Armor
27:11 Forging
28:31 Forging
29:10 Chain Mail Armor
29:32 Squires
33:31 Imperial Age
31:16 Gold Mining
32:02 Stone Shaft Mining
32:37 Iron Casting
32:53 Husbandry
33:05 Bloodlines
33:01 Scale Barding Armor
33:11 Arson
34:23 Farimba
33:55 Light Cavalry
35:03 Hand Cart
35:16 Chain Barding Armor
36:37 Conscription
37:05 Plate Mail Armor
37:41 Crop Rotation
38:17 Plate Barding Armor
47:22 Long Swordsman
48:34 Two-Handed Swordsman
50:52 Masonry
53:08 Champion
58:57 Capped Ram
63:28 Cavalier
66:34 Elite Gbeto
69:55 Town Watch
69:41 Sappers
涛哥
10:23 Feudal Age
14:01 Castle Age
13:26 Double-Bit Axe
22:38 Horse Collar
25:54 Bow Saw
30:48 Imperial Age
29:12 Fletching
29:23 Padded Archer Armor
29:55 Squires
29:15 Pikeman
29:56 Bodkin Arrow
29:27 Crossbowman
31:03 Wheelbarrow
33:33 Gold Mining
38:33 Bracer
38:49 Leather Archer Armor
42:11 Conscription
43:12 Arbalester
44:16 Yeomen
45:01 Chemistry
44:21 Ballistics
45:24 Two-Man Saw
45:06 Gold Shaft Mining
45:41 Ring Archer Armor
55:30 Husbandry
54:52 Light Cavalry
56:13 Halberdier
57:07 Heavy Plow
61:21 Elite Skirmisher
62:29 Hand Cart
apple11
2:49 Loom
12:22 Feudal Age
14:03 Double-Bit Axe
15:53 Horse Collar
16:23 Scale Barding Armor
18:39 Castle Age
16:49 Gold Mining
18:07 Forging
19:38 Bloodlines
20:43 Chain Barding Armor
28:33 Fletching
30:40 Padded Archer Armor
37:49 Heavy Plow
38:34 Wheelbarrow
38:55 Leather Archer Armor
44:19 Imperial Age
42:26 Town Watch
43:15 Hand Cart
43:40 Iron Casting
44:25 Husbandry
44:59 Kshatriyas
47:55 Bow Saw
48:24 Plate Barding Armor
48:06 Elite Shrivamsha Rider
49:46 Conscription
49:48 Light Cavalry
51:33 Frontier Guards
52:36 Crop Rotation
52:52 Hussar
56:21 Scale Mail Armor
56:19 Bodkin Arrow
56:18 Elite Skirmisher
57:48 Bracer
61:44 Chemistry
61:05 Ballistics
62:10 Town Patrol
Connection lost

Rejoining the realm…

Still unreachable

The connection could not be restored.

Session expired

The server has moved on; the page needs a fresh start.